 Dungeon Crawl Stone Soup version 0.25-a0-58-g9dd530fc12 (webtiles) character file.

Game seed: 4518998701315540740, levelgen mode: deterministic

55 keltmir the Charmwright (level 3, -6/31 HPs)
             Began as a Gnoll Skald on Oct 27, 2019.
             Mangled by Sigmund
             ... wielding a +2 scythe of protection
              (8 damage)
             ... on level 2 of the Dungeon.
             The game lasted 00:03:46 (1163 turns).

keltmir the Charmwright (Gnoll Skald)               Turns: 1163, Time: 00:03:47

Health: -6/31      AC:  3    Str: 14    XL:     3   Next: 93%
Magic:  9/9        EV: 14    Int: 15    God:
Gold:   84         SH:  0    Dex: 14    Spells: 8/12 levels left

rFire    . . .     SeeInvis .   a - +0 spear
rCold    . . .     Gourm    .   (no shield)
rNeg     . . .     Faith    .   b - +0 leather armour
rPois    .         Spirit   .   (no helmet)
rElec    .         Reflect  .   (no cloak)
rCorr    .         Harm     .   (no gloves)
MR       .....                  (no boots)
Stlth    +.........             (no amulet)
HPRegen  0.10/turn              (no ring)
MPRegen  0.11/turn              (no ring)

@: no status effects
A: distributed training, fangs 1, strong nose
a: no special abilities


You were on level 2 of the Dungeon.
You were not hungry.

You visited 1 branch of the dungeon, and saw 2 of its levels.

You collected 84 gold pieces.

Inventory:

Hand Weapons
 a - a +0 spear (weapon)
Missiles
 l - 12 poisoned darts (quivered)
Armour
 b - a +0 leather armour (worn)
Jewellery
 h - an uncursed amulet of guardian spirit {unknown}
Scrolls
 c - 3 scrolls of remove curse {unknown}
 e - 3 scrolls of identify {unknown}
 g - 3 scrolls of teleportation {unknown}
 k - a scroll of fear {unknown}
Potions
 f - a potion of might {unknown}
 j - a potion of curing {unknown}
Comestibles
 d - 2 rations
 i - 3 chunks of flesh


   Skills:
 + Level 4.6 Fighting
 + Level 1.0 Short Blades
 + Level 1.0 Long Blades
 + Level 1.0 Axes
 + Level 1.0 Maces & Flails
 + Level 4.6 Polearms
 + Level 1.0 Staves
 + Level 1.0 Slings
 + Level 1.0 Bows
 + Level 1.0 Crossbows
 + Level 1.0 Throwing
 + Level 2.6 Armour
 + Level 4.6 Dodging
 + Level 1.0 Stealth
 + Level 1.0 Shields
 + Level 1.0 Unarmed Combat
 + Level 5.0 Spellcasting
 + Level 0.7 Conjurations
 + Level 0.7 Hexes
 + Level 5.4 Charms
 + Level 0.7 Summonings
 + Level 0.7 Necromancy
 + Level 0.7 Translocations
 + Level 0.7 Transmutations
 + Level 0.7 Fire Magic
 + Level 0.7 Ice Magic
 + Level 0.7 Air Magic
 + Level 0.7 Earth Magic
 + Level 0.7 Poison Magic
 + Level 1.0 Invocations
 + Level 1.0 Evocations


You had 8 spell levels left.
You knew the following spells:

 Your Spells              Type           Power        Failure   Level  Hunger
a - Infusion              Chrm           ###.         2%          1    None
b - Spectral Weapon       Hex/Chrm       ##......     17%         3    ###....

Your spell library contained the following spells:

 Spells                   Type           Power        Failure   Level  Hunger
 Song of Slaying          Chrm           ###.....     3%          2    ##.....
 Shroud of Golubria       Chrm/Tloc      ##....       9%          2    ##.....
 Regeneration             Chrm/Necr      ##........   17%         3    ###....


Dungeon Overview and Level Annotations

Branches:
Dungeon (2/15)

Altars:
Fedhas

Annotations:
D:2 Robin, Sigmund


Innate Abilities, Weirdness & Mutations

Your experience applies equally to all skills.
You have very sharp teeth.
Your uncanny sense of smell can sniff out nearby items.


Message History

There is a stone staircase leading up here.
The bat hits you. The bat hits you but does no damage.
The bat closely misses you. The bat barely misses you. Something hits you.
The bat closely misses you. The bat hits you but does no damage.
There is a stone staircase leading up here.
The bat hits you but does no damage.
You barely miss the bat. The bat barely misses you. The bat hits you.
Something hits you!
There is a stone staircase leading up, spattered with blood here.
The bat closely misses you. Something hits you. The bat closely misses you.
The bat hits you but does no damage.
Throwing (i - inventory)
l - 13 poisoned darts (quivered)
Press: ? - help, Shift-Dir - straight line You throw a poisoned dart.
The poisoned dart misses the bat.
The bat misses you. Something hits you!
* * * LOW HITPOINT WARNING * * *
The bat hits you but does no damage. The bat closely misses you.
Something hits you!
You die...

.### . #.#... .# ...#
#.##.####... ...### ##
####.#...##.....
.....#...
.......(.....>..
.......#
######...##..... .....#
##(## ..$ ...### #.# .#
.).# ∆ ########.## #
.### #..@b{...(# ..#
#.######..# ..#
#.###.##..####. ..####.#
#.##...........#
.......#
##.#.......######
.####### #..........# .#
#####..#)....#.#
.########...........##.#
..(().....###..###.## .#


You could see a bat.

Vanquished Creatures
  An adder (D:2)
  A worm (D:2)
  2 dart slugs (D:1)
  A leopard gecko (D:2)
  3 giant cockroaches (D:1)
  7 goblins
  5 hobgoblins
  A ball python (D:1)
  4 bats
  3 frilled lizards
  3 kobolds (D:2)
  5 rats
36 creatures vanquished.

Notes
Turn   | Place    | Note
-------+----------+-------------------------------------------
     0 | D:1      | keltmir the Gnoll Skald began the quest for the Orb.
     0 | D:1      | Reached XP level 1. HP: 20/20 MP: 6/6
   247 | D:1      | Reached XP level 2. HP: 21/26 MP: 7/7
   682 | D:2      | Reached XP level 3. HP: 27/31 MP: 9/9
   687 | D:2      | Learned a level 3 spell: Spectral Weapon
   766 | D:2      | Reached skill level 5 in Spellcasting
   900 | D:2      | Reached skill level 1 in Invocations
   955 | D:2      | Found a blossoming altar of Fedhas.
   972 | D:2      | Noticed Robin
  1113 | D:2      | Reached skill level 1 in Short Blades
  1113 | D:2      | Reached skill level 1 in Long Blades
  1113 | D:2      | Reached skill level 1 in Axes
  1113 | D:2      | Reached skill level 1 in Maces & Flails
  1113 | D:2      | Reached skill level 1 in Staves
  1113 | D:2      | Reached skill level 1 in Slings
  1113 | D:2      | Reached skill level 1 in Bows
  1113 | D:2      | Reached skill level 1 in Crossbows
  1113 | D:2      | Reached skill level 1 in Throwing
  1113 | D:2      | Reached skill level 1 in Stealth
  1113 | D:2      | Reached skill level 1 in Shields
  1113 | D:2      | Reached skill level 1 in Unarmed Combat
  1113 | D:2      | Reached skill level 1 in Evocations
  1132 | D:2      | Noticed Sigmund
  1163 | D:2      | Mangled by Sigmund

Levels and vault maps discovered:
D:1:      minmay_arrival_four_loops, layout_basic
D:2:      layout_loops_ring, old_standard_altar, first_ration, uniq_sigmund,
          uniq_robin

Skill      XL: |  1  2  3 |
---------------+----------+-----
Spellcasting   | 5 |  5.0
Invocations    | 1 |  1.0
Short Blades   | 1 |  1.0
Long Blades    | 1 |  1.0
Axes           | 1 |  1.0
Maces & Flails | 1 |  1.0
Staves         | 1 |  1.0
Slings         | 1 |  1.0
Bows           | 1 |  1.0
Crossbows      | 1 |  1.0
Throwing       | 1 |  1.0
Stealth        | 1 |  1.0
Shields        | 1 |  1.0
Unarmed Combat | 1 |  1.0
Evocations     | 1 |  1.0
Fighting       | |  4.6
Polearms       | |  4.6
Armour         | |  2.6
Dodging        | |  4.6
Conjurations   | |  0.7
Hexes          | |  0.7
Charms         | |  5.4
Summonings     | |  0.7
Necromancy     | |  0.7
Translocations | |  0.7
Transmutations | |  0.7
Fire Magic     | |  0.7
Ice Magic      | |  0.7
Air Magic      | |  0.7
Earth Magic    | |  0.7
Poison Magic   | |  0.7

Action                   || total
-------------------------++-------
Melee: Spear             ||   136
       Bite              ||    13
Throw: Dart              ||     5
 Cast: Spectral Weapon   ||     3
 Stab: Sleeping          ||     2
  Eat: Chunk             ||     1
Armor: Leather armour    ||    35
Dodge: Dodged            ||    92

Table legend:
 A = Non-vault XP
 B = Vault XP
 C = Vault XP percentage of total XP
 D = Non-vault monster count
 E = Vault monster count
 F = Vault count percentage of total count
                 A         B        C        D         E       F
            +---------+---------+-------+---------+---------+-------
      Total |      72 |       7 |   8.9 |      32 |       4 |  11.1
            +---------+---------+-------+---------+---------+-------
        D:1 |      26 |       0 |   0.0 |      13 |       0 |   0.0
        D:2 |      46 |       7 |  13.2 |      19 |       4 |  17.4
            +---------+---------+-------+---------+---------+-------
